AoeStats
← ThePotatoSack

Arena

508301803Analyzed
2v2 RM · 11d ago on Sep 21, 2026· 60m 9s· 4 players
Game mode
Random Map
Map size
Medium (4 player)
Population
200
Speed
Normal
Resources
Standard
Victory
Conquest
Starting age
Dark Age
Ending age
Imperial Age
RankedLock teamsTeams togetherTeam positionsShared explorationLock speedFull tech treeHidden civsTurbo modeCheats
Victory
Defeat
🇺🇸 Maya · United States
815
+18
🇹🇷 Portuguese · Türkiye
776
+20
🇦🇹 Turks · Austria
886
-20
🇦🇹 Romans · Austria
841
-18
RİGBY
0:28 Loom
12:07 Feudal Age
12:55 Horse Collar
13:04 Double-Bit Axe
13:13 Arson
17:13 Stone Mining
19:02 Gold Mining
23:10 Castle Age
22:00 Forging
22:00 Scale Mail Armor
22:17 Fletching
22:41 Man-at-Arms
24:12 Heavy Plow
24:26 Bow Saw
24:41 Gambesons
25:07 Pikeman
25:10 Long Swordsman
26:59 Circumnavigation
31:28 Wheelbarrow
32:20 Iron Casting
33:32 Hand Cart
33:32 Treadmill Crane
33:49 Murder Holes
34:16 Chain Mail Armor
33:57 Bodkin Arrow
37:20 Imperial Age
35:27 Thumb Ring
36:08 Stone Shaft Mining
36:00 Ballistics
35:51 Fortified Wall
38:47 Crop Rotation
39:20 Two-Man Saw
39:28 Chemistry
37:54 Halberdier
39:07 Arquebus
39:27 Conscription
40:39 Siege Engineers
40:56 Elite Organ Gun
ThePotatoSack
10:17 Loom
12:54 Feudal Age
17:08 Castle Age
17:27 Wheelbarrow
18:59 Horse Collar
19:58 Heavy Plow
23:36 Double-Bit Axe
27:33 Hand Cart
27:04 Town Watch
27:32 Squires
30:58 Bow Saw
30:40 Gold Mining
30:41 Stone Mining
30:20 Eagle Warrior
31:20 Fletching
31:32 Padded Archer Armor
32:14 Forging
32:04 Scale Mail Armor
36:37 Imperial Age
36:55 Capped Ram
38:00 Elite Eagle Warrior
38:40 Bodkin Arrow
39:00 Leather Archer Armor
39:21 Iron Casting
39:01 Chain Mail Armor
39:09 Ballistics
39:49 Chemistry
41:28 Elite Plumed Archer
46:36 Blast Furnace
46:07 Plate Mail Armor
45:38 Bracer
46:08 Ring Archer Armor
50:18 Pikeman
51:52 Halberdier
57:45 Siege Ram
UciKopti
10:16 Feudal Age
13:02 Loom
15:48 Castle Age
14:15 Double-Bit Axe
14:43 Horse Collar
16:53 Loom
16:59 Town Watch
18:39 Wheelbarrow
20:42 Stone Mining
24:25 Gold Mining
25:29 Fletching
25:40 Padded Archer Armor
26:14 Heavy Plow
26:32 Bow Saw
30:30 Ballistics
29:51 Treadmill Crane
30:29 Leather Archer Armor
30:09 Bodkin Arrow
30:45 Hand Cart
33:23 Imperial Age
31:19 Husbandry
31:31 Bloodlines
37:37 Heavy Camel Rider
42:07 Forging
41:58 Scale Mail Armor
44:57 Gold Shaft Mining
49:40 Scale Barding Armor
51:32 Chain Barding Armor
51:48 Iron Casting
xxkilla81
0:27 Loom
14:35 Feudal Age
15:35 Horse Collar
15:44 Double-Bit Axe
15:54 Gold Mining
18:55 Castle Age
18:14 Man-at-Arms
19:01 Scale Mail Armor
19:27 Forging
19:48 Heavy Plow
21:05 Bow Saw
29:10 Wheelbarrow
29:40 Masonry
29:41 Fortified Wall
30:19 Iron Casting
29:59 Scale Barding Armor
30:09 Chain Mail Armor
29:55 Padded Archer Armor
29:46 Fletching
31:34 Hand Cart
31:35 Ballistas
32:11 Squires
31:32 Long Swordsman
32:21 Husbandry
32:32 Bloodlines
31:48 Light Cavalry
33:33 Gold Shaft Mining
36:01 Imperial Age
34:19 Pikeman
35:10 Caravan
35:15 Bodkin Arrow
35:35 Leather Archer Armor
35:41 Chain Barding Armor
35:47 Ballistics
37:56 Blast Furnace
37:28 Ring Archer Armor
37:41 Crop Rotation
37:16 Heavy Scorpion
38:17 Halberdier
38:36 Elite Skirmisher
40:12 Legionary
44:34 Plate Barding Armor
44:34 Capped Ram
45:35 Cavalier
46:57 Siege Ram
Connection lost

Rejoining the realm…

Still unreachable

The connection could not be restored.

Session expired

The server has moved on; the page needs a fresh start.